[Event "EYCC O18-ch 2024"]
[Site "Prague"]
[Date "2024.08.29"]
[Round "7.10"]
[White "Farokhi, Keyvan"]
[Black "Klimkowski, Jan"]
[Result "1-0"]
[ECO "C50"]
[WhiteElo "2307"]
[BlackElo "2508"]
[Annotator "TA"]
[PlyCount "89"]
[EventDate "2024.08.19"]
[EventType "swiss"]
[EventCountry "CZE"]
[SourceTitle "playchess.com"]
[Source "ChessBase"]
[SourceQuality "1"]
[TimeControl "5400+30"]

1. e4 e5 2. Nf3 Nc6 3. Bc4 Nf6 4. d3 Bc5 5. c3 O-O 6. O-O d5 7. exd5 Nxd5 8. Re1 Bg4 9. h3 {[%emt 0:03:03] C54: Giuoco Piano: 4 c3 Nf6, main lines with 5 d4 and 5 d3.} Bh5 10. a4 a5 11. Nbd2 Nb6 12. Bb5 Bd6 13. Ne4 Na7 14. Ng3 Bg6 $1 15. d4 (15. Nxe5 $2 Bxe5 16. Rxe5 c6 $17) 15... exd4 $146 ({Predecessor:} 15... Nxb5 16. axb5 exd4 17. Nxd4 Qf6 18. Qg4 h6 19. h4 Rfe8 20. Bxh6 gxh6 21. h5 Qf4 22. Rxe8+ Rxe8 23. Qxf4 Bxf4 24. hxg6 fxg6 {½-½ Gluma,C (2091)-Stelmaszyk,N (2380) Dortmund Sparkassen op-A 51st 2024 (5)}) 16. Nxd4 Bxg3 17. fxg3 c5 18. Nf3 Nxb5 19. axb5 Qxd1 20. Rxd1 f6 21. Be3 Rfc8 22. b4 Nc4 (22... cxb4 $5 23. Bxb6 b3 $16) 23. Bxc5 a4 24. b6 a3 25. Rd7 Rcb8 26. Nd2 (26. g4 $14) 26... Nxd2 $11 27. Rxd2 Bf7 28. Rd4 a2 29. c4 $1 Bg6 30. Bd6 Rc8 31. c5 Ra4 {[%emt 0:01:04] [#]} 32. Bc7 (32. Rd2 $1 $16 Rxb4 33. Rdxa2 (33. Raxa2 h5 $16)) 32... Be8 $11 33. Rd6 Bg6 (33... Rca8 $11 34. Rd2 Rxb4 (34... Bc6 35. Rb2 $11) 35. Raxa2 (35. Rdxa2 Rb1+ 36. Rxb1 Rxa2 $11) 35... Rxa2 36. Rxa2 h5) 34. c6 Be4 35. b5 Rca8 36. Rd2 R4a5 $2 ({Black should try} 36... Rb4 $1 $14 37. Rdxa2 (37. Raxa2 Rxa2 38. Rxa2 Rxb5 $16) 37... Rxa2 38. Rxa2 Rxb5) 37. Rb2 (37. Rd4 $18 {is the precise move to win.} Rxb5 38. Rxe4 Rb1+ 39. Re1 Rxe1+ (39... bxc6 $2 40. Rexb1 axb1=Q+ 41. Rxb1 $18) 40. Rxe1) 37... h5 $2 (37... Bd5 $16 38. Rd2 Be4) 38. Bd6 $2 (38. Rb4 $18 Bd5 39. Rd4 Rxb5 40. Rxd5 Rb1+ 41. Rd1 Rxd1+ (41... bxc6 $2 42. Rdxb1 axb1=Q+ 43. Rxb1 $18) 42. Rxd1) 38... Kh7 (38... Bd5 $16 {was necessary.} 39. Kh1 (39. c7 Kf7 $16) 39... Rd8) 39. Kf2 $18 Kg6 40. Ke3 (40. Bf4 $18 {has better winning chances.}) 40... Re8 $16 {[%emt 0:00:27] [#]} 41. Kf2 (41. Raxa2 Bxc6+ (41... Rxa2 42. Rxa2 Bxc6+ 43. Kf2 $17) 42. Kd4 Rxb5 43. Rxb5 Bxb5 $14) (41. Kd4 $1 $16 Ra4+ 42. Kc5) 41... Rea8 $1 $18 42. g4 hxg4 43. hxg4 Kg5 (43... Bd5 $142 44. Rd2 (44. c7 Be6 $14) 44... Rxb5 45. Rxd5 Rb2+ (45... Rxd5 $2 {loses.} 46. cxb7 Re8 47. b8=Q $18) 46. Ke3 bxc6) 44. Rb4 $18 Bd5 45. Rd4 1-0

[Event "EYCC O18-ch 2024"]
[Site "Prague"]
[Date "2024.08.29"]
[Round "7.10"]
[White "Trushko, Andrii"]
[Black "Pyrih, Roman"]
[Result "0-1"]
[ECO "D00"]
[WhiteElo "2154"]
[BlackElo "2422"]
[Annotator "RC"]
[PlyCount "208"]
[EventDate "2024.08.19"]
[EventType "swiss"]
[EventCountry "CZE"]
[SourceTitle "playchess.com"]
[Source "ChessBase"]
[SourceQuality "1"]
[TimeControl "5400+30"]

1. d4 d5 2. Bf4 c5 3. e3 Nc6 4. c3 Qb6 5. Qc2 Nf6 6. Nd2 g6 7. Qb3 c4 8. Qxb6 axb6 9. a3 b5 10. Rc1 Nd7 11. Bc7 Bg7 12. Ngf3 Ra6 13. h4 h6 14. Be2 Nb6 15. Bxb6 Rxb6 16. e4 e6 17. Bd1 Ra6 18. Bc2 O-O 19. O-O dxe4 20. Nxe4 Rd8 21. Rfe1 b6 22. Ng3 Ra7 23. Be4 Ne7 24. Ne5 Rc7 25. f4 h5 26. Nf1 Bh6 27. g3 Kg7 28. Re2 f6 29. Nf3 Kf7 30. Rce1 Rd6 31. Ne3 Rd8 32. Nc2 Nf5 33. Bxf5 gxf5 34. Nb4 Bf8 35. Kg2 Bxb4 36. axb4 Ra7 37. Kf2 Rd6 38. Nd2 Bb7 39. Nb1 Be4 40. Na3 Rd5 41. Ra1 Ke7 42. Ree1 Ra4 43. Re2 Kd7 44. Rae1 Kc6 45. Re3 Rd7 46. R3e2 Rg7 47. Re3 Ra8 48. Ra1 Rag8 49. Rae1 Rg4 50. Nb1 e5 51. dxe5 fxe5 52. fxe5 Bd5 53. Rf1 f4 54. gxf4 Rxf4+ 55. Ke1 Rxh4 56. Nd2 Kd7 57. e6+ Bxe6 58. Nf3 Rh3 59. Re5 Rgg3 60. Nd4 Re3+ 61. Rxe3 Rxe3+ 62. Kf2 Re5 63. Ra1 Bd5 64. Ra7+ Kc8 65. Rh7 Be4 66. Rh6 Kb7 67. Kg3 Bd3 68. Kf4 Re4+ 69. Kg5 Rg4+ 70. Kf6 h4 71. Ke5 Ka6 72. Ne6 Kb7 73. Rh8 Bb1 74. Kd6 Rg6 75. Kd5 Rg4 76. Nd4 Bd3 77. Kd6 Rg6+ 78. Ke7 Rg7+ 79. Kf6 Rh7 80. Rxh7+ Bxh7 81. Ke5 h3 82. Nf3 Bg6 83. Kf4 Be8 84. Kg3 Bd7 85. Nd4 Kc7 86. b3 Kd6 87. bxc4 bxc4 88. Nf3 Kd5 89. Kf4 Bc8 90. Nh2 Bb7 91. Nf1 Kd6 92. Kg3 Bc8 93. Kf4 Bd7 94. Nh2 Bc6 95. Kg3 Ke5 96. Kxh3 Ke4 97. Kg3 Kd3 98. Kf2 Kxc3 99. Ng4 Kxb4 100. Ne5 Kc5 101. Ke3 b5 102. Kd2 b4 103. Ng4 Kd4 104. Ne3 Be4 0-1

[Event "EYCC O18-ch 2024"]
[Site "Prague"]
[Date "2024.08.29"]
[Round "7.11"]
[White "Hrbek, Stepan"]
[Black "Eilenberg, Jonas"]
[Result "1-0"]
[ECO "D02"]
[WhiteElo "2414"]
[BlackElo "2285"]
[Annotator "RC"]
[PlyCount "167"]
[EventDate "2024.08.19"]
[EventType "swiss"]
[EventCountry "CZE"]
[SourceTitle "playchess.com"]
[Source "ChessBase"]
[SourceQuality "1"]
[TimeControl "5400+30"]

1. d4 d5 2. Nf3 Nf6 3. Bf4 c5 4. e3 e6 5. Nbd2 Bd6 6. dxc5 Bxf4 7. exf4 Qc7 8. g3 Qxc5 9. Bd3 b6 10. Qe2 Nbd7 11. Nb3 Qe7 12. Nbd4 Nc5 13. O-O-O Nxd3+ 14. Qxd3 Ne4 15. Qe3 O-O 16. h4 f6 17. Rhe1 Bb7 18. Nd2 Rfe8 19. g4 Rac8 20. Nxe4 dxe4 21. Rd2 Bd5 22. Nb5 Qb4 23. Nc3 Qa5 24. a3 Rc4 25. Red1 Rec8 26. Nxd5 exd5 27. Qb3 Qc5 28. Rxd5 Rxc2+ 29. Kb1 Rc1+ 30. Ka2 Qc4 31. Qxc4 R1xc4 32. Rd8+ Rxd8 33. Rxd8+ Kf7 34. Rd7+ Ke6 35. Rxg7 Rc2 36. Rxh7 Rxf2 37. f5+ Ke5 38. Re7+ Kf4 39. g5 fxg5 40. hxg5 Kxg5 41. Rxe4 Rxf5 42. Re7 a5 43. Re6 b5 44. a4 bxa4 45. Ka3 Rb5 46. Re2 Rb4 47. Re5+ Kf6 48. Rxa5 Rb3+ 49. Ka2 Rb4 50. Rd5 Ke6 51. Rd3 Rg4 52. Ka3 Rh4 53. Ka2 Rg4 54. Ka3 Rh4 55. Rd8 Ke7 56. Rb8 Kd7 57. Rb4 Rh8 58. Rc4 Rh2 59. Rb4 Kc7 60. Kxa4 Rh5 61. Rb5 Rh4+ 62. Ka5 Rh2 63. Ka6 Rh1 64. b4 Ra1+ 65. Ra5 Rb1 66. Rb5 Ra1+ 67. Ra5 Rb1 68. Rc5+ Kb8 69. Rb5+ Kc7 70. Rb7+ Kc8 71. b5 Ra1+ 72. Kb6 Rb1 73. Rh7 Rb2 74. Rh8+ Kd7 75. Rb8 Rh2 76. Ka7 Kd6 77. b6 Ra2+ 78. Kb7 Rh2 79. Rc8 Rb2 80. Ka7 Kd7 81. b7 Ra2+ 82. Kb8 Rh2 83. Rc4 Rg2 84. Ra4 1-0

[Event "EYCC O18-ch 2024"]
[Site "Prague"]
[Date "2024.08.29"]
[Round "7.11"]
[White "Palczert, Matyas"]
[Black "Lang, Simon"]
[Result "1-0"]
[ECO "C11"]
[WhiteElo "2341"]
[BlackElo "2138"]
[Annotator "RC"]
[PlyCount "61"]
[EventDate "2024.08.19"]
[EventType "swiss"]
[EventCountry "CZE"]
[SourceTitle "playchess.com"]
[Source "ChessBase"]
[SourceQuality "1"]
[TimeControl "5400+30"]

1. e4 e6 2. d4 d5 3. Nc3 Nf6 4. e5 Nfd7 5. f4 c5 6. Nf3 Nc6 7. Be3 Be7 8. a3 O-O 9. dxc5 Nxc5 10. b4 Nd7 11. Ne2 Nb6 12. Ned4 Bd7 13. Bd3 Nc4 14. Bxc4 dxc4 15. c3 a6 16. O-O Qc7 17. a4 b6 18. Qe2 Nxd4 19. Nxd4 Bc8 20. Qf2 Bb7 21. Qg3 Bd5 22. f5 Kh8 23. Rae1 Rae8 24. Bf4 Qd7 25. Bg5 Bxg5 26. Qxg5 f6 27. fxe6 Rxe6 28. Nxe6 Bxe6 29. exf6 gxf6 30. Rxf6 Rg8 31. Qe5 1-0

[Event "EYCC O18-ch 2024"]
[Site "Prague"]
[Date "2024.08.29"]
[Round "7.12"]
[White "Babula, Vlastimil"]
[Black "Kuti, Oliver"]
[Result "1-0"]
[ECO "D71"]
[WhiteElo "2503"]
[BlackElo "2114"]
[Annotator "TA"]
[PlyCount "67"]
[EventDate "2024.08.19"]
[EventType "swiss"]
[EventCountry "CZE"]
[SourceTitle "playchess.com"]
[Source "ChessBase"]
[SourceQuality "1"]
[TimeControl "5400+30"]

1. d4 Nf6 2. c4 g6 3. g3 c6 4. Bg2 d5 5. Qa4 Nfd7 6. cxd5 Nb6 7. Qd1 cxd5 8. Nc3 {[%emt 0:00:44] The position is equal.} Bg7 9. Nf3 Nc6 10. Bf4 O-O 11. O-O e6 12. Rc1 Bd7 13. h4 Rc8 14. Re1 h6 15. Nb5 Ne5 16. Nxe5 ({Much worse is} 16. Nxa7 Nxf3+ 17. Bxf3 (17. exf3 Rxc1 18. Qxc1 Qa8 $17) 17... Rxc1 18. Qxc1 Qa8 (18... Bxd4 19. e3 $14) 19. Bxh6 Qxa7 $17) 16... Bxb5 17. b3 {[%emt 0:00:52] Against Nc4. White is more active.} Nd7 18. Qd2 Nxe5 19. dxe5 Kh7 20. e4 dxe4 21. Qxd8 (21. Qe3 {seems wilder.} Qa5 22. a4 Bc6 23. Bxe4 Rfd8 24. h5) 21... Rfxd8 22. Bxe4 (22. Rxe4 $2 {is the wrong capture.} Rxc1+ 23. Bxc1 Rd1+ 24. Kh2 Rxc1 $19) 22... Bc6 23. Bxc6 Rxc6 ({Black should play} 23... bxc6 $14 24. Rc5 Bf8) 24. Rxc6 $16 bxc6 $14 {[%emt 0:00:02][%mdl 4096] Endgame. KRB-KRB} 25. Rc1 Rc8 26. Rc5 Bf8 27. Ra5 Rc7 28. Be3 c5 29. Kf1 Be7 (29... Kg7 {was worth a try.} 30. Ra6 Kh7) 30. Ke2 $18 g5 {[%emt 0:03:27] [#]} 31. h5 Kg7 32. Kd3 f6 33. exf6+ Kxf6 34. a4 {[%emt 0:00:06] Weighted Error Value: White=0.06 (flawless) /Black=0.15 (very precise) .  Mistake:       	White=1     	Black=2      Inaccurate:     	White=2     	Black=4      OK:         	White=14    	Black=8      Best:        	White=1     	Black=2} (34. Kc4 $18) 1-0

[Event "EYCC O18-ch 2024"]
[Site "Prague"]
[Date "2024.08.29"]
[Round "7.12"]
[White "Ribera Veganzones, Serni"]
[Black "Davtyan, Arsen"]
[Result "0-1"]
[ECO "C78"]
[WhiteElo "2309"]
[BlackElo "2402"]
[Annotator "RC"]
[PlyCount "104"]
[EventDate "2024.08.19"]
[EventType "swiss"]
[EventCountry "CZE"]
[SourceTitle "playchess.com"]
[Source "ChessBase"]
[SourceQuality "1"]
[TimeControl "5400+30"]

1. e4 e5 2. Nf3 Nc6 3. Bb5 a6 4. Ba4 Nf6 5. O-O Bc5 6. Bxc6 dxc6 7. d3 Qe7 8. Nbd2 Bg4 9. Nb3 Bd6 10. Na5 O-O-O 11. a3 Nd7 12. h3 Bh5 13. b4 f5 14. Rb1 f4 15. c4 Qe6 16. b5 cxb5 17. cxb5 axb5 18. Rxb5 Nc5 19. d4 exd4 20. Nxb7 Nxb7 21. Rxh5 c5 22. Re1 Bc7 23. Ng5 Qd7 24. e5 g6 25. Rh4 h6 26. Ne4 g5 27. Rh5 c4 28. e6 Qxe6 29. Nxg5 Qc6 30. Re6 Qd7 31. Rexh6 Rxh6 32. Rxh6 Nc5 33. Qf3 Qd5 34. Qg4+ Qd7 35. Qf3 Qd5 36. Qg4+ Kb7 37. Bxf4 d3 38. Bd2 Nb3 39. Ne6 Nxd2 40. Rh7 Rc8 41. Nxc7 Rxc7 42. Rxc7+ Kxc7 43. Qf4+ Kc6 44. Qxd2 Qd4 45. Qh6+ Kb5 46. a4+ Kxa4 47. Qa6+ Kb3 48. Qb5+ Kc2 49. Qa4+ Kc1 50. Qa3+ Kb1 51. Qb4+ Qb2 52. Qa4 d2 0-1

[Event "EYCC O18-ch 2024"]
[Site "Prague"]
[Date "2024.08.29"]
[Round "7.13"]
[White "Kreken, Eivind Grunt"]
[Black "Talibov, Shiroghlan"]
[Result "0-1"]
[ECO "A06"]
[WhiteElo "2294"]
[BlackElo "2395"]
[Annotator "RC"]
[PlyCount "70"]
[EventDate "2024.08.19"]
[EventType "swiss"]
[EventCountry "CZE"]
[SourceTitle "playchess.com"]
[Source "ChessBase"]
[SourceQuality "1"]
[TimeControl "5400+30"]

1. Nf3 d5 2. g3 g6 3. Bg2 Bg7 4. d4 Nf6 5. O-O O-O 6. c4 dxc4 7. Na3 c3 8. bxc3 c5 9. Ne5 Nc6 10. Nxc6 bxc6 11. Nc4 Be6 12. Ne5 Nd5 13. Bb2 Qc7 14. Nd3 Rab8 15. Qc2 cxd4 16. cxd4 Nb4 17. Nxb4 Rxb4 18. Bc3 Rc4 19. Qd2 c5 20. e3 cxd4 21. Bxd4 Rd8 22. Rfd1 Bxd4 23. exd4 Bg4 24. Rdc1 Rdxd4 25. Qe3 Be6 26. h4 h5 27. a4 Qa5 28. Rcb1 Rb4 29. Rc1 Rdc4 30. Bc6 Rb3 31. Qe2 Qc5 32. Rxc4 Rxg3+ 33. Bg2 Bxc4 34. Rc1 Rxg2+ 35. Kxg2 Bd5+ 0-1

[Event "EYCC O18-ch 2024"]
[Site "Prague"]
[Date "2024.08.29"]
[Round "7.13"]
[White "Ozen, Metehan"]
[Black "Falkevall, Axel"]
[Result "1-0"]
[ECO "C79"]
[WhiteElo "2142"]
[BlackElo "2325"]
[Annotator "RC"]
[PlyCount "149"]
[EventDate "2024.08.19"]
[EventType "swiss"]
[EventCountry "CZE"]
[SourceTitle "playchess.com"]
[Source "ChessBase"]
[SourceQuality "1"]
[TimeControl "5400+30"]

1. e4 e5 2. Nf3 Nc6 3. Bb5 a6 4. Ba4 Nf6 5. O-O d6 6. Bxc6+ bxc6 7. d4 exd4 8. Nxd4 c5 9. Nf5 Be6 10. Qf3 Nd7 11. Nc3 g6 12. Re1 Ne5 13. Qg3 f6 14. f4 Nc6 15. Nd5 Kf7 16. Nh4 Nd4 17. Ne3 f5 18. exf5 gxf5 19. Qh3 Qf6 20. Nf3 Bh6 21. c3 Nxf3+ 22. Qxf3 Rhg8 23. Bd2 Rab8 24. b3 Rg6 25. Nd5 Qd8 26. Rxe6 Rxe6 27. Qh5+ Kg8 28. Qxf5 Rg6 29. Re1 Kh8 30. Qh3 Bf8 31. f5 Rg7 32. c4 c6 33. Nf4 d5 34. Ne6 Qf6 35. Bf4 Ra8 36. Be5 Qf7 37. Ng5 Qg8 38. Qh5 Raa7 39. Ne6 Qf7 40. Qxf7 Raxf7 41. Nxf8 Rxf8 42. cxd5 cxd5 43. Rc1 Rxf5 44. Bxg7+ Kxg7 45. Rxc5 Kf6 46. Rc2 Ke5 47. Rf2 Rg5 48. Kf1 Ke4 49. Ke2 d4 50. g3 Ra5 51. Rf4+ Ke5 52. Kd3 Rxa2 53. Rh4 Rb2 54. Rh5+ Kf6 55. Rxh7 Rxb3+ 56. Kxd4 Rb2 57. Ke3 Kg6 58. Rh8 a5 59. h4 a4 60. Ra8 Rb3+ 61. Kf4 a3 62. Ra6+ Kg7 63. h5 Rb4+ 64. Kg5 Rb5+ 65. Kh4 Rb3 66. g4 Rc3 67. h6+ Kf7 68. Kh5 Rh3+ 69. Kg5 Rb3 70. Ra7+ Kg8 71. Kh5 Rc3 72. g5 Rb3 73. h7+ Kh8 74. Kh6 Rb8 75. g6 1-0

[Event "EYCC O18-ch 2024"]
[Site "Prague"]
[Date "2024.08.29"]
[Round "7.14"]
[White "Belkaid, Sohan"]
[Black "Engin, Onur Cinar"]
[Result "1-0"]
[ECO "B10"]
[WhiteElo "2384"]
[BlackElo "2215"]
[Annotator "RC"]
[PlyCount "85"]
[EventDate "2024.08.19"]
[EventType "swiss"]
[EventCountry "CZE"]
[SourceTitle "playchess.com"]
[Source "ChessBase"]
[SourceQuality "1"]
[TimeControl "5400+30"]

1. e4 c6 2. Nc3 d5 3. Nf3 dxe4 4. Nxe4 Nf6 5. Qe2 Nxe4 6. Qxe4 Nd7 7. Bc4 Nf6 8. Ne5 e6 9. Qf4 Bd6 10. d4 Qc7 11. O-O O-O 12. Bd3 c5 13. Qh4 Bxe5 14. dxe5 Qxe5 15. Bf4 Qh5 16. Qxh5 Nxh5 17. Bd6 Rd8 18. Bxc5 Bd7 19. Be3 Nf6 20. Be2 Nd5 21. Bd2 Bc6 22. Rfd1 e5 23. Bf1 Nf4 24. f3 g5 25. Be3 b6 26. Rxd8+ Rxd8 27. a4 Rd7 28. a5 b5 29. a6 Ne6 30. Ra5 Nd4 31. c4 Nb3 32. Ra3 bxc4 33. Bxc4 Nd2 34. Be2 e4 35. Bxg5 exf3 36. gxf3 Rd5 37. Be3 Rd7 38. Kf2 Kg7 39. Rc3 Ba4 40. Rd3 Rxd3 41. Bxd3 Nb3 42. Bxa7 Bc6 43. Bb6 1-0

[Event "EYCC O18-ch 2024"]
[Site "Prague"]
[Date "2024.08.29"]
[Round "7.14"]
[White "Szikszai, Bertalan"]
[Black "Maldonado Mena, German"]
[Result "1/2-1/2"]
[ECO "B30"]
[WhiteElo "2278"]
[BlackElo "2073"]
[Annotator "RC"]
[PlyCount "122"]
[EventDate "2024.08.19"]
[EventType "swiss"]
[EventCountry "CZE"]
[SourceTitle "playchess.com"]
[Source "ChessBase"]
[SourceQuality "1"]
[TimeControl "5400+30"]

1. e4 c5 2. Nf3 Nc6 3. Bb5 e6 4. O-O Nge7 5. Re1 Nd4 6. Nxd4 cxd4 7. c3 Nc6 8. a4 Be7 9. Na3 O-O 10. Nc2 dxc3 11. dxc3 d6 12. h3 a6 13. Bf1 b6 14. Bf4 Bb7 15. Qh5 Ne5 16. Rad1 Qc7 17. Nd4 Rfd8 18. Bg3 Qc5 19. Qe2 Ng6 20. Qc2 Rac8 21. Bd3 Bf6 22. Nb3 Qg5 23. Nd2 Qc5 24. Nb3 Qg5 25. Qd2 Qxd2 26. Nxd2 Be5 27. Kh2 Bxg3+ 28. Kxg3 Ne5 29. Bf1 g5 30. f3 Kf8 31. Kf2 Ke7 32. g3 Rb8 33. Ke3 d5 34. f4 gxf4+ 35. gxf4 Nd7 36. e5 Nc5 37. Ra1 Rg8 38. b4 Ne4 39. Nxe4 dxe4 40. Kf2 Rbc8 41. c4 f6 42. exf6+ Kxf6 43. Rad1 Ke7 44. Be2 Rcf8 45. Rg1 Rxg1 46. Rxg1 Rxf4+ 47. Ke3 Rf5 48. Rg7+ Rf7 49. Rg8 Rf8 50. Rg4 Rf6 51. Rh4 h6 52. Rh5 Rg6 53. Bg4 Bc6 54. b5 axb5 55. axb5 Bb7 56. c5 bxc5 57. Rxc5 Kd6 58. Kd4 Rg5 59. Rxg5 hxg5 60. Bh5 Bd5 61. Be2 e5+ 1/2-1/2

[Event "EYCC O18-ch 2024"]
[Site "Prague"]
[Date "2024.08.29"]
[Round "7.15"]
[White "Smolik, Jachym"]
[Black "Chyzy, Jakub"]
[Result "1-0"]
[ECO "A22"]
[WhiteElo "2290"]
[BlackElo "2368"]
[Annotator "RC"]
[PlyCount "81"]
[EventDate "2024.08.19"]
[EventType "swiss"]
[EventCountry "CZE"]
[SourceTitle "playchess.com"]
[Source "ChessBase"]
[SourceQuality "1"]
[TimeControl "5400+30"]

1. c4 e5 2. Nc3 Nf6 3. g3 c6 4. d4 exd4 5. Qxd4 d5 6. Bg2 Be6 7. cxd5 cxd5 8. Nf3 Nc6 9. Qa4 Bc5 10. O-O O-O 11. Bf4 Qb6 12. Qc2 Nb4 13. Qb1 h6 14. Na4 Qb5 15. Nxc5 Qxc5 16. Rc1 Qb6 17. Be3 Qa5 18. Nd4 Rac8 19. Nxe6 fxe6 20. Qg6 Rxc1+ 21. Rxc1 Kh8 22. Rc5 Qd8 23. Rb5 Nc6 24. Rxb7 Ne7 25. Qd3 Nf5 26. Bc5 Qc8 27. Qb5 a6 28. Qb6 Rg8 29. Rc7 Qe8 30. Qc6 Qh5 31. Qxe6 d4 32. Bf3 Qg5 33. Be7 Nxe7 34. Qxe7 Qa5 35. Qc5 Qxa2 36. Qxd4 Rb8 37. Rxg7 Kxg7 38. Qa7+ Nd7 39. Qxd7+ Qf7 40. Qd4+ Qf6 41. Qa7+ 1-0

[Event "EYCC O18-ch 2024"]
[Site "Prague"]
[Date "2024.08.29"]
[Round "7.15"]
[White "Fishchuk, Vladyslav"]
[Black "Anacak, Hasan Gunes"]
[Result "1-0"]
[ECO "B24"]
[WhiteElo "2264"]
[BlackElo "2071"]
[Annotator "RC"]
[PlyCount "99"]
[EventDate "2024.08.19"]
[EventType "swiss"]
[EventCountry "CZE"]
[SourceTitle "playchess.com"]
[Source "ChessBase"]
[SourceQuality "1"]
[TimeControl "5400+30"]

1. e4 c5 2. Nc3 Nc6 3. Bb5 Nd4 4. Nf3 a6 5. Bd3 g6 6. O-O Bg7 7. Re1 d6 8. Nxd4 Bxd4 9. Ne2 Bg7 10. c3 d5 11. Qa4+ Bd7 12. Qa3 c4 13. Bc2 Nf6 14. exd5 Nxd5 15. Be4 Be6 16. Nd4 O-O 17. Nxe6 fxe6 18. d3 cxd3 19. Qb3 Kh8 20. Bxd3 Nxc3 21. Bc4 Nd5 22. Rxe6 Nc7 23. Re4 b5 24. Bf1 Qd5 25. Rxe7 Qxb3 26. axb3 Nd5 27. Rd7 Nb4 28. Bd2 Nc2 29. Rc1 Rac8 30. Rxg7 Kxg7 31. Bc3+ Kh6 32. Rxc2 b4 33. Bd2+ g5 34. Rxc8 Rxc8 35. Bxb4 Rb8 36. Bc3 Rb6 37. Bc4 Kg6 38. f3 h5 39. Kf2 Kf5 40. Bd3+ Ke6 41. g3 Kd6 42. f4 gxf4 43. gxf4 Rxb3 44. Bxa6 Kd5 45. f5 Rb6 46. Bd3 h4 47. f6 Rb7 48. Kf3 Ke6 49. Bc4+ Kf5 50. f7 1-0

[Event "EYCC O18-ch 2024"]
[Site "Prague"]
[Date "2024.08.29"]
[Round "7.16"]
[White "Kovalskyi, Roman"]
[Black "Kutowski, Marcel"]
[Result "1/2-1/2"]
[ECO "B10"]
[WhiteElo "2108"]
[BlackElo "2263"]
[Annotator "RC"]
[PlyCount "100"]
[EventDate "2024.08.19"]
[EventType "swiss"]
[EventCountry "CZE"]
[SourceTitle "playchess.com"]
[Source "ChessBase"]
[SourceQuality "1"]
[TimeControl "5400+30"]

1. e4 c6 2. Nc3 d5 3. Nf3 dxe4 4. Nxe4 Nf6 5. Qe2 Nxe4 6. Qxe4 Nd7 7. Bc4 Nf6 8. Qf4 Qd6 9. d3 Qxf4 10. Bxf4 Bf5 11. O-O Nd5 12. Be3 e6 13. Bd4 f6 14. Rfe1 Kd7 15. Nd2 e5 16. Be3 Nxe3 17. fxe3 b5 18. Bb3 Bb4 19. Re2 Kc7 20. Rf2 Bg6 21. Nf3 Bc5 22. Re1 e4 23. Nh4 exd3 24. Nxg6 d2 25. Rxd2 hxg6 26. h3 Rae8 27. Kf2 Re7 28. Rd3 Rh4 29. Kf3 f5 30. Rd2 Rhe4 31. Rde2 g5 32. g4 g6 33. c3 Rh7 34. Bc2 Re5 35. Kg2 Rh4 36. gxf5 gxf5 37. Bd3 Kd6 38. Rf1 Ke6 39. Ref2 f4 40. exf4 gxf4 41. Rxf4 Rg5+ 42. Rg4 Rhxg4+ 43. hxg4 Rxg4+ 44. Kf3 Rg7 45. Be4 Kd6 46. Rd1+ Kc7 47. Ke2 Rg4 48. Bf3 Rg6 49. Rh1 Re6+ 50. Kd2 Re7 1/2-1/2

[Event "EYCC O18-ch 2024"]
[Site "Prague"]
[Date "2024.08.29"]
[Round "7.17"]
[White "Ristic, Luka"]
[Black "Gasparyan, Erik R."]
[Result "1/2-1/2"]
[ECO "A20"]
[WhiteElo "2274"]
[BlackElo "2350"]
[Annotator "RC"]
[PlyCount "93"]
[EventDate "2024.08.19"]
[EventType "swiss"]
[EventCountry "CZE"]
[SourceTitle "playchess.com"]
[Source "ChessBase"]
[SourceQuality "1"]
[TimeControl "5400+30"]

1. c4 e5 2. g3 c6 3. Nf3 e4 4. Nd4 d5 5. d3 Nf6 6. Bg2 Bc5 7. Nb3 Bb4+ 8. Bd2 Bxd2+ 9. Qxd2 exd3 10. Qxd3 dxc4 11. Qxc4 O-O 12. O-O Be6 13. Qc2 Na6 14. N1d2 Qe7 15. a3 Rfd8 16. e3 Rd7 17. Nd4 Bd5 18. b4 Bxg2 19. Kxg2 Nc7 20. N2b3 Ncd5 21. Nc5 Rdd8 22. Rad1 Qc7 23. e4 Nb6 24. Nf5 Nbd7 25. Nd6 Nxc5 26. bxc5 b6 27. e5 Nd7 28. cxb6 axb6 29. Qf5 Nc5 30. Rd4 Qe7 31. Rh4 g6 32. Qf3 f6 33. Qxc6 Qxe5 34. Nc4 Qe6 35. Qc7 Nd7 36. Nd6 Nf8 37. Rd1 Rd7 38. Qxb6 Rxa3 39. Re4 Qb3 40. Qxb3+ Rxb3 41. Ree1 Rb8 42. Ne4 Rxd1 43. Rxd1 f5 44. Ng5 Kg7 45. Rc1 Rb7 46. Rc6 Re7 47. Ra6 1/2-1/2

[Event "EYCC O18-ch 2024"]
[Site "Prague"]
[Date "2024.08.29"]
[Round "7.18"]
[White "Baranciuc, Alexandr"]
[Black "Loftgaard, Mikkel Vinh"]
[Result "1/2-1/2"]
[ECO "A13"]
[WhiteElo "2332"]
[BlackElo "2227"]
[Annotator "RC"]
[PlyCount "56"]
[EventDate "2024.08.19"]
[EventType "swiss"]
[EventCountry "CZE"]
[SourceTitle "playchess.com"]
[Source "ChessBase"]
[SourceQuality "1"]
[TimeControl "5400+30"]

1. c4 e6 2. Nf3 Nf6 3. b3 d5 4. Bb2 Be7 5. g3 O-O 6. Bg2 c5 7. e3 Nc6 8. O-O b6 9. Nc3 Bb7 10. cxd5 exd5 11. d4 Ne4 12. dxc5 Nxc3 13. Bxc3 bxc5 14. Qd2 Qd7 15. Qb2 Qg4 16. h3 Qg6 17. Rfd1 Rfd8 18. Rac1 Bf8 19. Ne1 Ne7 20. Nd3 Qb6 21. Nf4 Rac8 22. b4 d4 23. exd4 cxd4 24. Rxd4 Rxd4 25. Bxd4 Rxc1+ 26. Qxc1 Qxd4 27. Bxb7 Qxb4 28. Bf3 Nf5 1/2-1/2

[Event "EYCC O18-ch 2024"]
[Site "Prague"]
[Date "2024.08.30"]
[Round "8.1"]
[White "Pyrih, Roman"]
[Black "Nastore, Pavel-Alexandru"]
[Result "0-1"]
[ECO "B92"]
[WhiteElo "2422"]
[BlackElo "2233"]
[Annotator "RC"]
[PlyCount "74"]
[EventDate "2024.08.19"]
[EventType "swiss"]
[EventCountry "CZE"]
[SourceTitle "playchess.com"]
[Source "ChessBase"]
[SourceQuality "1"]
[TimeControl "5400+30"]

1. e4 c5 2. Nf3 d6 3. d4 cxd4 4. Nxd4 Nf6 5. Nc3 a6 6. Be2 e5 7. Nb3 Be7 8. Qd3 O-O 9. O-O Be6 10. Bd2 Nbd7 11. Nd5 Bxd5 12. exd5 Qc8 13. c4 e4 14. Qg3 Ne5 15. Rac1 Qf5 16. Bc3 Nfd7 17. f4 exf3 18. gxf3 Nf6 19. Nd4 Qc8 20. Qg2 Ng6 21. f4 Re8 22. Bd3 Nh4 23. Qf2 Ng4 24. Qg3 Bf6 25. Ne6 fxe6 26. Qxg4 exd5 27. f5 Qc5+ 28. Kh1 h5 29. Bxf6 hxg4 30. Bxh4 Qe3 31. Rcd1 Rac8 32. cxd5 Rc1 33. Rxc1 Qxd3 34. Rcd1 Qh3 35. Bf2 g3 36. Bxg3 Re2 37. Rg1 Qg4 0-1

[Event "EYCC O18-ch 2024"]
[Site "Prague"]
[Date "2024.08.30"]
[Round "8.1"]
[White "Sahakyan, Aleks"]
[Black "Pasztor, Balazs"]
[Result "1/2-1/2"]
[ECO "C65"]
[WhiteElo "2287"]
[BlackElo "2402"]
[Annotator "RC"]
[PlyCount "68"]
[EventDate "2024.08.19"]
[EventType "swiss"]
[EventCountry "CZE"]
[SourceTitle "playchess.com"]
[Source "ChessBase"]
[SourceQuality "1"]
[TimeControl "5400+30"]

1. e4 e5 2. Nf3 Nc6 3. Bb5 Nf6 4. d3 Bc5 5. Nbd2 O-O 6. Nb3 Bb6 7. Bxc6 bxc6 8. Nxe5 d5 9. O-O Re8 10. Bf4 dxe4 11. c4 a5 12. c5 a4 13. cxb6 axb3 14. b7 Bxb7 15. Qxb3 Ba6 16. Qxf7+ Kh8 17. Nxc6 Qd5 18. Qxd5 Nxd5 19. Bd2 exd3 20. Rfe1 Rxe1+ 21. Rxe1 Bb5 22. Nd4 Bd7 23. Nb3 Rxa2 24. Nc5 Bb5 25. Nxd3 Kg8 26. Nf4 Nxf4 27. Bxf4 Rxb2 28. Bxc7 Bd3 29. h3 Rb1 30. Rxb1 Bxb1 31. f3 h5 32. Kf2 Kf7 33. Kg3 Bd3 34. Be5 g6 1/2-1/2